 Dungeon Crawl Stone Soup version 0.30.0-5-g1a98f26d00 (webtiles) character file.

Game seed: 2812377638039145569

746 fozzywoppz the Shield-Bearer (level 8, -3/63 HPs)
             Began as a Formicid Fighter on May 8, 2023.
             Slain by a killer bee (5 damage)
             ... on level 5 of the Dungeon.
             The game lasted 00:07:47 (4696 turns).

fozzywoppz the Shield-Bearer (Formicid Fighter)     Turns: 4696, Time: 00:07:47

Health: -3/63      AC:  9    Str: 23    XL:     8   Next: 5%
Magic:  8/8        EV:  9    Int:  8    God:
Gold:   287        SH:  5    Dex: 13    Spells: 7/7 levels left

rFire   . . .        a - +0 flail
rCold   . . .        c - +0 buckler
rNeg    . . .        f - +0 chain mail
rPois   .            (helmet unavailable)
rElec   .            (no cloak)
rCorr   +            (no gloves)
SInv    +            (no boots)
Will    .....        (no amulet) Stlth
                     r - ring of resist corrosion
HPRegen 0.30/turn    (no ring)
MPRegen 0.11/turn

%: no passive effects
@: mighty, lethally poisoned (-3 -> -18)
A: permanent stasis, dig shafts and tunnels, antennae 3, four strong arms
a: Dig, Shaft Self


You were on level 5 of the Dungeon.
You visited 2 branches of the dungeon, and saw 6 of its levels.

You collected 287 gold pieces.

Inventory:

Hand Weapons
 a - a +0 flail (weapon)
Missiles
 z - a throwing net (quivered)
Armour
 c - a +0 buckler (worn)
 f - a +0 chain mail (worn)
 t - a +2 leather armour of positive energy
Jewellery
 r - a ring of resist corrosion (left hand)
Wands
 y - a wand of iceblast (5)
Scrolls
 b - a scroll of blinking {unknown}
 e - 2 scrolls of noise {unknown}
 i - a scroll of fog {unknown}
 j - a scroll of butterflies {unknown}
 k - 3 scrolls of amnesia {unknown}
 l - a scroll of teleportation {unknown}
 o - 2 scrolls of magic mapping {unknown}
 q - a scroll of immolation {unknown}
 s - a scroll of torment {unknown}
 v - a scroll of identify
 w - a scroll of fear {unknown}
Potions
 d - a potion of might
 m - 2 potions of brilliance {unknown}
 n - a potion of flight {unknown}
 p - a potion of ambrosia {unknown}
 u - a potion of attraction {unknown}
 x - a potion of lignification {unknown}


   Skills:
 + Level 5.6 Fighting
 + Level 4.7 Maces & Flails
 - Level 5.1 Armour
 + Level 1.9 Dodging
 - Level 6.3 Shields


You had 7 spell levels left.
You didn't know any spells.
Your spell library contained the following spells:

 Spells                   Type           Power      Damage    Failure   Level
 Magic Dart               Conj           0%         1d3       96%         1
 Shock                    Conj/Air       0%         1d3       96%         1
 Call Imp                 Summ           0%         N/A       99%         2
 Mephitic Cloud           Conj/Pois/Air  0%         N/A       100%        3
 Airstrike                Air            0%         2d(0-16)  100%        4
 Swiftness                Air            Unusable   N/A       N/A         3

Dungeon Overview and Level Annotations

Branches:
Dungeon (5/15)             Temple (1/1) D:5

Altars:
Ashenzari
Dithmenos
Elyvilon
Gozag
Hepliaklqana
Kikubaaqudgha
Makhleb
Nemelex Xobeh
Ru
Sif Muna
Uskayaw
Wu Jian
Xom
Zin

Annotations:
D:4 2 transporters, Daunt's ghost, novice KoAE


Innate Abilities, Weirdness & Mutations

You cannot be hasted, slowed, berserked, paralysed or teleported.
You can dig through walls and to a lower floor.
You have a pair of large antennae on your head. (SInv)
Your four strong arms can wield two-handed weapons with a shield.


Message History

You are poisoned.
The killer bee poisons you! The killer bee barely misses you.
The killer bee closely misses you. The killer bee stings you.
* * * LOW HITPOINT WARNING * * *
You are more poisoned.
The killer bee poisons you! The jelly hits you but does no damage.
Okay, then.
You feel much better.
You feel very sick. You block the killer bee's attack.
The killer bee barely misses you. The killer bee misses you.
The killer bee barely misses you.
The killer bee stings you but does no damage.
The killer bee closely misses you. The jelly hits you but does no damage.
Unknown command.
You feel better. The killer bee stings you.
You are poisoned.
The killer bee poisons you! The killer bee barely misses you. x2
The jelly hits you but does no damage.
The killer bee stings you but does no damage.
The killer bee stings you.
The killer bee stings you but does no damage.
You bludgeon the jelly!!
You kill the jelly!
You feel very sick. The killer bee stings you.
* * * LOW HITPOINT WARNING * * *
You are more poisoned.
The killer bee poisons you! The killer bee stings you.
* * * LOW HITPOINT WARNING * * *
You are more poisoned.
The killer bee poisons you! You block the killer bee's attack.
The killer bee completely misses you. The killer bee stings you.
* * * LOW HITPOINT WARNING * * *
The killer bee stings you but does no damage.
You miss the killer bee.
* * * LOW HITPOINT WARNING * * *
You feel very sick.
The killer bee stings you but does no damage.
The killer bee stings you.
You die...

##...≈####'####§....#
##...).#
#....≈≈≈≈≈.≈≈≈§≈....###
........§...####......#.
....###......# ##.......
...## ##.....###........
...# ##.....#.........
##.# ####...............
##.###..........yy......
##.....)........@y......
##......................
........................
........................
........................
..................>.....
........................
........................
............


You could see 3 killer bees.

Vanquished Creatures
  A black bear (D:5)
  3 scorpions
  A howler monkey (D:5)
  2 jellies
  A hound (D:4)
  3 orc priests (D:4)
  2 iguanas
  An orc wizard (D:4)
  4 adders
  3 gnolls (D:5)
  A white imp (D:5)
  A worm (D:5)
  3 dart slugs
  16 orcs
  8 endoplasms
  2 giant cockroaches (D:2)
  5 goblins
  5 hobgoblins
  11 jackals
  6 quokkas
  6 ball pythons
  3 bats
  A frilled lizard (D:1)
  3 kobolds
  5 rats
97 creatures vanquished.

Notes
Turn   | Place    | Note
-------+----------+-------------------------------------------
     0 | D:1      | fozzywoppz the Formicid Fighter began the quest for the
                  | Orb.
     0 | D:1      | Reached XP level 1. HP: 18/18 MP: 1/1
   147 | D:1      | Reached XP level 2. HP: 24/24 MP: 2/2
   307 | D:1      | Reached XP level 3. HP: 28/29 MP: 3/3
   387 | D:1      | Found a faded altar of an unknown god.
   765 | D:2      | Reached XP level 4. HP: 33/37 MP: 4/4
  1481 | D:3      | Found an opulent altar of Gozag.
  1543 | D:3      | Reached XP level 5. HP: 31/42 MP: 5/5
  1995 | D:4      | Reached skill level 5 in Shields
  2120 | D:4      | Found a transporter.
  2122 | D:4      | Noticed Daunt's ghost (novice KoAE)
  2167 | D:4      | Found a transporter.
  2353 | D:4      | Reached XP level 6. HP: 33/49 MP: 6/6
  3202 | D:5      | Entered Level 5 of the Dungeon
  3202 | D:5      | Noticed a black bear
  3249 | D:4      | Reached XP level 7. HP: 55/55 MP: 7/7
  3263 | D:5      | Reached skill level 5 in Fighting
  3263 | D:5      | Reached skill level 5 in Armour
  3263 | D:5      | Reached skill level 6 in Shields
  3742 | D:5      | Found a staircase to the Ecumenical Temple.
  3850 | Temple   | Entered the Ecumenical Temple
  3982 | D:5      | Reached skill level 1 in Dodging
  4119 | D:5      | Reached XP level 8. HP: 18/63 MP: 8/8
  4671 | D:5      | Found a burning altar of Makhleb.
  4692 | D:5      | HP: 3/63 [killer bee (4)]
  4696 | D:5      | Slain by a killer bee

Illustrated notes

Levels and vault maps discovered:
D:1:      psy_arrival_dodecagon, layout_basic,
          hellmonk_ecumenical_altar_inner_sanctum
D:2:      layout_basic
D:3:      kennysheep_big_flooded_room, layout_basic, grunt_gozag_breadcrumbs
D:4:      layout_basic, gammafunk_ghost_mausoleum
D:5:      layout_layer_cave, lightli_temple_of_fire, temple_green
Temple:   nicolae_temple_x_marks_the_god

Skill      XL: |  1  2  3  4  5  6  7 |
---------------+----------------------+-----
Fighting       | 4 5 |  5.6
Armour         | 4 5 |  5.1
Maces & Flails | 3 4 |  4.7
Shields        | 5 6 |  6.3
Dodging        | 1 |  1.9

Action                     |  1- 3 |  4- 6 |  7- 9 || total
---------------------------+-------+-------+-------++-------
  Melee: Flail             |    89 |   168 |    86 ||   343
Ability: Dig               |       |     1 |       ||     1
  Evoke: Wand              |       |       |     1 ||     1
    Use: Scroll            |       |     3 |       ||     3
         Potion            |       |       |     6 ||     6
 Armour: Chain mail        |    64 |   112 |    58 ||   234
         Scale mail        |     4 |       |       ||     4
  Dodge: Dodged            |    44 |    81 |    63 ||   188
  Block: Buckler           |    23 |    47 |    49 ||   119
